AoeStats
← Gelo9993893

Arabia

509670232Analyzed
2v2 RM · 4d ago on Sep 27, 2026· 52m 57s· 4 players
Game mode
Random Map
Map size
Medium (4 player)
Population
200
Speed
Normal
Resources
Standard
Victory
Conquest
Starting age
Dark Age
Ending age
Imperial Age
RankedLock teamsTeams togetherTeam positionsShared explorationLock speedFull tech treeHidden civsTurbo modeCheats
Victory
Defeat
🇵🇱 Burmese · Poland
658
+15
🇨🇴 Lithuanians · Colombia
586
+17
🇪🇨 Byzantines · Ecuador
625
-16
🇪🇨 Hindustanis · Ecuador
622
-16
Gelo9993893
11:17 Feudal Age
13:44 Gold Mining
17:24 Stone Mining
21:07 Castle Age
19:29 Horse Collar
23:07 Light Cavalry
23:12 Pikeman
25:14 Gold Shaft Mining
31:01 Elite Skirmisher
37:11 Imperial Age
37:01 Husbandry
37:50 Cavalier
45:06 Wheelbarrow
47:57 Elite Arambai
oldmanuelo
10:39 Feudal Age
11:43 Double-Bit Axe
14:25 Bloodlines
14:43 Loom
15:21 Horse Collar
20:03 Wheelbarrow
23:17 Castle Age
22:26 Forging
26:36 Heavy Plow
26:49 Bow Saw
27:03 Scale Barding Armor
26:21 Light Cavalry
28:24 Chain Barding Armor
29:47 Iron Casting
29:46 Hand Cart
30:49 Caravan
33:07 Murder Holes
33:19 Stone Mining
33:59 Pikeman
39:38 Imperial Age
38:03 Masonry
41:29 Chemistry
39:51 Winged Hussar
40:33 Husbandry
39:58 Capped Ram
41:33 Gold Mining
41:21 Cavalier
42:12 Squires
44:34 Stone Shaft Mining
44:49 Bombard Tower
44:27 Halberdier
46:58 Crop Rotation
49:22 Two-Man Saw
48:49 Hill Forts
52:38 Elite Leitis
poshito_rico
12:58 Feudal Age
14:05 Loom
16:08 Gold Mining
16:07 Double-Bit Axe
18:13 Man-at-Arms
18:48 Town Watch
18:45 Horse Collar
29:02 Castle Age
31:45 Bow Saw
35:57 Bloodlines
35:48 Husbandry
37:57 Gold Shaft Mining
37:34 Long Swordsman
37:45 Light Cavalry
44:23 Stone Mining
44:50 Scale Barding Armor
45:26 Forging
45:17 Scale Mail Armor
zHarpy
0:44 Loom
11:27 Feudal Age
12:03 Double-Bit Axe
13:59 Horse Collar
20:39 Gold Mining
26:15 Castle Age
27:10 Husbandry
28:26 Husbandry
29:34 Bow Saw
31:05 Wheelbarrow
31:18 Scale Barding Armor
31:24 Forging
34:09 Iron Casting
33:56 Chain Barding Armor
34:17 Wheelbarrow
35:26 Arson
38:55 Caravan
43:25 Imperial Age
45:21 Gold Shaft Mining
45:39 Heavy Camel Rider
45:47 Heavy Camel Rider
Connection lost

Rejoining the realm…

Still unreachable

The connection could not be restored.

Session expired

The server has moved on; the page needs a fresh start.